 Dungeon Crawl Stone Soup version 0.25-a0-565-g8875c97ebb (webtiles) character file.

Game seed: 16302721840210138662, levelgen mode: deterministic

20 Forecaster the Magician (level 2, -1/22 HPs)
             Began as a Naga Wizard on Feb 26, 2020.
             Slain by a worker ant (5 damage)
             ... on level 2 of the Dungeon.
             The game lasted 00:03:57 (953 turns).

Forecaster the Magician (Naga Wizard)                Turns: 953, Time: 00:03:57

Health: -1/22      AC:  2    Str:  9    XL:     2   Next: 79%
Magic:  1/6        EV:  9    Int: 18    God:
Gold:   70         SH:  0    Dex:  9    Spells: 3/8 levels left

rFire    . . .     SeeInvis +   f - +0 dagger
rCold    . . .     Gourm    .   (no shield)
rNeg     . . .     Faith    .   n - +0 leather armour (curse)
rPois    +         Spirit   .   b - +0 hat
rElec    .         Reflect  .   (no cloak)
rCorr    .         Harm     .   (no gloves)
MR       .....                  (no barding)
Stlth    ++........             (no amulet)
HPRegen  0.07/turn              (no ring)
MPRegen  0.10/turn              (no ring)

@: very slightly contaminated, very slow
A: large, see invisible, deformed body, poison resistance, slowness 2, slow
metabolism 1, spit poison 1, AC +0
a: Spit Poison


You were on level 2 of the Dungeon.
You were not hungry.

You visited 1 branch of the dungeon, and saw 2 of its levels.

You collected 70 gold pieces.

Inventory:

Hand Weapons
 e - a +0 club
 f - a +0 dagger (weapon)
Missiles
 h - 6 stones (quivered)
Armour
 a - a +0 robe
 b - a +0 hat (worn)
 n - a cursed +0 leather armour (worn)
Scrolls
 g - 4 scrolls of identify {unknown}
 j - a scroll of teleportation {unknown}
 l - a scroll of fear {unknown}
 m - a scroll of enchant weapon {unknown}
Potions
 c - a potion of degeneration {unknown}
 i - 2 potions of haste {unknown}
 k - a potion of cancellation {unknown}
Comestibles
 d - a ration
 o - 5 chunks of flesh


   Skills:
 + Level 0.2 Fighting
 + Level 1.5 Dodging
 + Level 3.1 Stealth
 + Level 0.4 Unarmed Combat
 + Level 3.5 Spellcasting
 + Level 1.3 Conjurations
 + Level 1.0 Summonings
 + Level 1.0 Translocations


You had 3 spell levels left.
You knew the following spells:

 Your Spells              Type           Power        Failure   Level  Hunger
a - Magic Dart            Conj           #...         13%         1    None
b - Call Imp              Summ           #.......     22%         2    ##.....
c - Blink                 Tloc           N/A          22%         2    ##.....

Your spell library contained the following spells:

 Spells                   Type           Power        Failure   Level  Hunger
 Slow                     Hex            #.......     32%         2    ##.....
 Conjure Flame            Conj/Fire      #.......     45%         3    ###....
 Mephitic Cloud           Conj/Pois/Air  #.......     50%         3    ###....


Dungeon Overview and Level Annotations

Branches:
Dungeon (2/15)

Altars:


Innate Abilities, Weirdness & Mutations

You cannot wear boots.
Your serpentine skin is tough. (AC +0)
You have supernaturally acute eyesight. (SInv)
Armour fits poorly on your strangely shaped body.
Your system is resistant to poisons. (rPois)
You cover ground very slowly.
You have a slow metabolism.
You can spit poison.


Message History

The worker ant is moderately wounded.
The worker ant bites you but does no damage.
You hit the worker ant but do no damage.
The worker ant is moderately wounded.
The worker ant bites you.
* * * LOW HITPOINT WARNING * * *
The worker ant completely misses you.
Casting: Magic Dart (safe; 13% risk of failure)
Confirm with . or Enter, or press ? or * to list all spells.
Aiming: Magic Dart (safe; 13% risk of failure)
Press: ? - help, Shift-Dir - straight line, f/p - worker ant
Aim: a worker ant (moderately wounded)
Okay, then.
Casting: Magic Dart (safe; 13% risk of failure)
Confirm with . or Enter, or press ? or * to list all spells.
You blink.
You hit the worker ant but do no damage.
The worker ant is moderately wounded.
The worker ant bites you.
You die...

##..............
######.............. ##
.......................
##.###...###.##.#.#..#
###...###.##.#.#..#
#.#.................#
#...........#.......##.
###.#.a.....##.........
#.#.@.###....#...###
#.#..........'...#
#..####...÷#...###.
#..........)÷......
##.####....#...##..
...............# .
....##.##.#..#.# ... #.
#.#..#.# # #.#.#####


You could see a worker ant.

Vanquished Creatures
  A leopard gecko (D:1)
  A ball python (D:1)
  3 goblins
  2 hobgoblins
  A quokka (D:2)
  2 bats (D:1)
  A frilled lizard (D:2)
  3 kobolds (D:1)
  4 rats (D:1)
18 creatures vanquished.

Vanquished Creatures (collateral kills)
  A bat (D:2)
1 creature vanquished.

Grand Total: 19 creatures vanquished

Notes
Turn   | Place    | Note
-------+----------+-------------------------------------------
     0 | D:1      | Forecaster the Naga Wizard began the quest for the Orb.
     0 | D:1      | Reached XP level 1. HP: 15/15 MP: 4/4
   350 | D:1      | Reached XP level 2. HP: 22/22 MP: 3/6
   565 | D:1      | Learned a level 2 spell: Call Imp
   568 | D:1      | Learned a level 2 spell: Blink
   953 | D:2      | Slain by a worker ant

Levels and vault maps discovered:
D:1:      dpeg_arrival_boxes_within_box, layout_basic, hangedman_decor_opposing,
          minmay_distorted
D:2:      layout_basic, first_ration, chequers_serial_rivers_large_a,
          uniq_crazy_yiuf_cottage

Action                   || total
-------------------------++-------
Melee: Unarmed           ||     5
       Dagger            ||    23
 Cast: Magic Dart        ||    37
       Call Imp          ||     2
       Blink             ||     1
Armor: Leather armour    ||     5
       Robe              ||     1
Dodge: Dodged            ||    17

Table legend:
 A = Non-vault XP
 B = Vault XP
 C = Vault XP percentage of total XP
 D = Non-vault monster count
 E = Vault monster count
 F = Vault count percentage of total count
                 A         B        C        D         E       F
            +---------+---------+-------+---------+---------+-------
      Total |      26 |       3 |  10.3 |      17 |       2 |  10.5
            +---------+---------+-------+---------+---------+-------
        D:1 |      19 |       3 |  13.6 |      12 |       2 |  14.3
        D:2 |       7 |       0 |   0.0 |       5 |       0 |   0.0
            +---------+---------+-------+---------+---------+-------
